 Dungeon Crawl Stone Soup version 0.32-a0-975-g85d4e5bfdb (webtiles) character file.

Game seed: 7069688126532612372

71040 trashops the Severer (level 14, -3/127 HPs)
             Began as a Mountain Dwarf Fighter on Apr 19, 2024.
             Was the Champion of Okawaru.
             Blown up by an orb spider (50 damage)
             ... with an orb of destruction
             ... led by a broodmother
             ... on level 1 of the Spider Nest.
             The game lasted 00:38:19 (16622 turns).

trashops the Severer (Mountain Dwarf Fighter)      Turns: 16622, Time: 00:38:20

Health: -3/127     AC: 29    Str: 34    XL:     14   Next: 59%
Magic:  21/21      EV: 12    Int: 13    God:    Okawaru [******]
Gold:   678        SH:  6    Dex:  9    Spells: 13/13 levels left

rFire   + + .        R - +8 broad axe "Vumal" {distort, Int+4 SInv}
rCold   . . .        c - +0 buckler
rNeg    . . .        S - +5 plate armour "Dumu" {Fly rElec Str+4}
rPois   .            h - +1 helmet
rElec   +            (no cloak)
rCorr   .            j - +2 pair of gloves
SInv    +            A - +0 pair of boots
Will    +....        P - amulet of regeneration Stlth
                     q - +5 ring of evasion
HPRegen 1.21/turn    F - ring "Hauluitu" {rF++ Str+6}
MPRegen 0.17/turn

%: no passive effects
@: flying
A: runic magic, artefact enchanting
a: Renounce Religion, Heroism, Finesse, Duel


You were on level 1 of the Spider Nest.
You worshipped Okawaru.
Okawaru was exalted by your worship.
You visited 5 branches of the dungeon, and saw 20 of its levels.

You collected 1843 gold pieces.
You spent 1165 gold pieces at shops.

Inventory:

Hand Weapons
 w - a +2 mace of draining
 C - the +7 war axe of Hepliaklqana's Reproof {freeze, rPois rN+}
   (You took it off an orc on level 6 of the Dungeon)

   rPois:     It protects you from poison.
   rN+:       It protects you from negative energy.
 M - the +7 war axe of Fehip {freeze, rF+ Str+3 Int+8}
   (You found it on level 11 of the Dungeon)

   Str+3:     It affects your strength (+3).
   Int+8:     It affects your intelligence (+8).
   rF+:       It protects you from fire.
 R - the +8 broad axe "Vumal" (weapon) {distort, Int+4 SInv}
   (Okawaru gifted it to you on level 3 of the Lair of Beasts)

   Int+4:     It affects your intelligence (+4).
   SInv:      It lets you see invisible.
Missiles
 Q - 5 silver javelins (quivered)
Armour
 c - a +0 buckler (worn)
 h - a +1 helmet (worn)
 j - a +2 pair of gloves (worn)
 A - a +0 pair of boots (worn)
 S - the +5 plate armour "Dumu" (worn) {Fly rElec Str+4}
   (Okawaru gifted it to you on level 3 of the Lair of Beasts)

   Str+4:     It affects your strength (+4).
   rElec:     It insulates you from electricity.
   Fly:       It grants you flight.
Jewellery
 e - an amulet of guardian spirit
 q - a +5 ring of evasion (left hand)
 s - a ring of wizardry
 x - an amulet of the acrobat
 B - a ring of poison resistance
 F - the ring "Hauluitu" (right hand) {rF++ Str+6}
   (You found it on level 10 of the Dungeon)

   [ring of strength]

   Str+6:     It affects your strength (+6).
   rF++:      It greatly protects you from fire.
 H - a ring of resist corrosion
 I - an amulet of magic regeneration
 P - an amulet of regeneration (around neck)
Wands
 a - a wand of flame (22)
 m - a wand of polymorph (16)
 r - a wand of iceblast (6)
 z - a wand of quicksilver (6)
 D - a wand of paralysis (19)
Scrolls
 b - 2 scrolls of blinking
 g - 9 scrolls of identify
 t - 3 scrolls of poison
 v - 3 scrolls of vulnerability
 y - 6 scrolls of teleportation
 J - a scroll of fog
 K - 3 scrolls of amnesia
 L - 2 scrolls of immolation
Potions
 d - 4 potions of might
 f - 3 potions of resistance
 i - 4 potions of lignification
 k - 2 potions of berserk rage
 l - 3 potions of attraction
 n - 3 potions of curing
 o - a potion of mutation
 p - 2 potions of brilliance
 u - 4 potions of ambrosia
 G - a potion of magic
 N - 2 potions of cancellation


   Skills:
 + Level 12.7 Fighting
 + Level 19.3 Axes
 * Level 13.9 Armour
 * Level 10.5 Shields
 + Level 0.7 Unarmed Combat
 * Level 9.5 Invocations
 + Level 1.7 Evocations


You had 13 spell levels left.
You didn't know any spells.
Your spell library contained the following spells:

 Spells                   Type           Power      Damage    Failure   Level
 Apportation              Tloc           0%         N/A       45%         1
 Magic Dart               Conj           0%         1d3       45%         1
 Cigotuvi's Dreadful Rot  Necr/Alch/Air  0%         N/A       58%         2
 Searing Ray              Conj           0%         2d4       58%         2
 Hailstorm                Conj/Ice       0%         3d5       83%         3
 Sigil of Binding         Hex            0%         N/A       83%         3
 Volatile Blastmotes      Fire/Tloc      0%         2d10      83%         3
 Dimensional Bullseye     Hex/Tloc       0%         N/A       99%         4
 Dispel Undead            Necr           0%         3d6       99%         4
 Fulminant Prism          Conj/Alch      0%         3d5       99%         4
 Olgreb's Toxic Radiance  Alch           0%         N/A       99%         4
 Vhi's Electric Charge    Tloc/Air       0%         N/A       99%         4
 Freezing Cloud           Conj/Ice/Air   0%         6-21      100%        5
 Gell's Gavotte           Tloc           0%         2d(11-16) 100%        6
 Enfeeble                 Hex            0%         N/A       100%        7
 Call Canine Familiar     Summ           Unusable   N/A       N/A         3
 Martyr's Knell           Necr/Summ      Unusable   N/A       N/A         4
 Summon Mana Viper        Hex/Summ       Unusable   N/A       N/A         5

Dungeon Overview and Level Annotations

Branches:
Dungeon (11/15)            Temple (1/1) D:7            Lair (5/5) D:11
 Shoals (0/4) Lair:3       Spider (1/4) Lair:2        Slime (0/5) Lair:4
    Orc (2/2) D:10            Elf (0/3) Orc:2

Altars:
Ashenzari
Cheibriados
Dithmenos
Elyvilon
Fedhas
Gozag
Hepliaklqana
Kikubaaqudgha
Makhleb
Nemelex Xobeh
Okawaru
Qazlal
Ru
Sif Muna
Trog
Uskayaw
Vehumet
Wu Jian
Xom
Yredelemnul
Zin
The Shining One
Beogh

Shops:
D:5 =   D:7 ?   D:8 *   D:10 (   Orc:2 (**[

Portals:
Abyss: D:9

Annotations:
D:7 2 transporters
D:9 2 transporters, Stellion's ghost, journeyman BaRe


Innate Abilities, Weirdness & Mutations

Your spellcasting is much less encumbered by armour.
You can use scrolls of enchantment on lesser artefacts.


Message History

You closely miss the culicivora.
The culicivora bites you but does no damage.
You slice the culicivora!!
Space warps horribly around the culicivora!
You kill the culicivora!
Okawaru accepts your kill.
You closely miss the jumping spider. The jumping spider closely misses you.
The jumping spider bites you but does no damage.
The orb spider weaves a glowing orb of energy.
An orb of destruction comes into view.
You closely miss the jumping spider.
The jumping spider is moderately wounded.
The jumping spider pounces on you but does no damage.
You block the jumping spider's attack.
You closely miss the jumping spider.
The jumping spider is moderately wounded.
The orb of destruction hits a rock wall.
The jumping spider leaps!
You see here a wolf spider corpse.
You block the jumping spider's attack. The jumping spider barely misses you.
The jumping spider pounces on you!
The jumping spider bites you but does no damage.
The jumping spider closely misses you. You block the jumping spider's attack.
You slash the jumping spider!
Space warps horribly around the jumping spider!
The jumping spider is severely wounded.
The orb spider weaves a glowing orb of energy.
The jumping spider closely misses you.
The jumping spider bites you but does no damage.
An orb of destruction comes into view.
You barely miss the jumping spider.
The jumping spider is severely wounded.
The jumping spider pounces on you but does no damage.
You block the jumping spider's attack.
The orb spider spins a strand of pure energy.
You slice the jumping spider!!
You kill the jumping spider!
Okawaru accepts your kill. The orb of destruction hits you!!!
You die...

.........# #..###
.........## ##.#.#.#
..........###.##...#
...........##......###
...........#..........
...........#.......#
##..........#s.....#
..............○..†s##
.###.......#.#.☼@.†.#
..###...####.##....#†.#
..# #.###
#.#######°#..# .## #.#
#.# .s ## ## #.### #.#
..# ######..# #.. .#.
##..#<# .#.. #....##
#.#. .....#


You could see 2 orb spiders.

Vanquished Creatures
  A ghost moth (Spider:1)
  A broodmother (Spider:1)
  Erolcha (D:11)
  2 hydras
  Erica (D:11)
  An ogre mage (Orc:2)
  A boulder beetle (Spider:1)
  7 two-headed ogres
  2 tengu warriors (D:11)
  4 orc high priests
  A skyshark (Lair:5)
  An arcanist (D:8)
  Pikel (D:7)
  An orc knight (Orc:2)
  2 wolf spiders (Spider:1)
  2 orc sorcerers (Orc:2)
  An ugly thing (D:11)
  A deep elf pyromancer (D:11)
  3 cyclopes
  A merfolk siren (Lair:3)
  Joseph (D:7)
  6 black mambas
  3 kobold blastminers
  A torpor snail (Lair:1)
  13 cane toads
  10 komodo dragons
  3 rime drakes
  Maggie (D:7)
  Psyche (D:9)
  A troll (Orc:1)
  5 polar bears
  16 blink frogs
  4 hornets
  A tarantella (Spider:1)
  4 jumping spiders
  7 dream sheep (Lair:5)
  A shadow (D:10)
  11 spriggans (Lair:5)
  3 wraiths
  A culicivora (Spider:1)
  55 yaks
  A vampire (D:9)
  A wyvern (Lair:5)
  3 redbacks (Spider:1)
  A warg (Orc:2)
  A steam dragon (D:6)
  A basilisk (Lair:5)
  Menkaure (D:7)
  4 acid dragons
  16 water moccasins
  An ice beast (D:5)
  15 orc warriors
  4 black bears
  2 sky beasts
  5 ogres
  33 wolves
  5 boggarts (Lair:5)
  7 centaurs
  A kobold brigand (D:9)
  12 bullfrogs
  A gnoll sergeant (D:6)
  4 scorpions
  4 wights
  5 electric eels
  2 howler monkeys
  2 lava snakes (Lair:3)
  2 bombardier beetles (D:6)
  4 hounds
  3 jellies
  26 orc priests
  A sleepcap (D:6)
  Natasha (thrice) (D:2)
  4 iguanas
  20 orc wizards
  11 hell rats
  10 adders
  A shadow imp (D:6)
  2 white imps
  3 dart slugs
  3 ribbon worms
  59 orcs
  10 ball pythons
  6 endoplasms
  3 giant cockroaches
  9 goblins
  6 hobgoblins
  A quokka (D:2)
  5 bats
  6 frilled lizards
  16 kobolds
  2 rats (D:2)
531 creatures vanquished.

Vanquished Creatures (others)
  An orc priest (Orc:2)
1 creature vanquished.

Grand Total: 532 creatures vanquished

Notes
Turn   | Place    | Note
-------+----------+-------------------------------------------
     0 | D:1      | trashops the Mountain Dwarf Fighter began the quest for the
                  | Orb.
     0 | D:1      | Reached XP level 1. HP: 19/19 MP: 1/1
   300 | D:1      | Reached XP level 2. HP: 16/26 MP: 2/2
   432 | D:1      | Reached skill level 3 in Axes
   626 | D:2      | Reached XP level 3. HP: 31/31 MP: 3/3
   765 | D:2      | Noticed Natasha
   773 | D:2      | Killed Natasha
   774 | D:2      | Reached skill level 4 in Axes
   826 | D:2      | Reached XP level 4. HP: 40/40 MP: 4/4
  1059 | D:2      | Reached skill level 5 in Axes
  1251 | D:2      | Noticed Natasha
  1262 | D:2      | Killed Natasha
  1263 | D:2      | Reached XP level 5. HP: 40/46 MP: 5/5
  1588 | D:2      | Noticed Natasha
  1600 | D:2      | Killed Natasha
  1734 | D:3      | Noticed an ogre
  1744 | D:3      | Killed an ogre
  1745 | D:3      | Reached skill level 6 in Axes
  1920 | D:3      | Reached XP level 6. HP: 46/52 MP: 6/6
  2763 | D:4      | Reached skill level 7 in Axes
  3273 | D:5      | Entered Level 5 of the Dungeon
  3284 | D:5      | Reached XP level 7. HP: 46/59 MP: 4/7
  3347 | D:5      | Reached skill level 8 in Axes
  3672 | D:5      | Reached skill level 9 in Axes
  3727 | D:5      | Found Ivel's Jewellery Emporium.
  3748 | D:5      | Reached XP level 8. HP: 67/67 MP: 8/8
  4146 | D:5      | Reached skill level 5 in Armour
  4162 | D:6      | Noticed a cyclops
  4187 | D:5      | Reached skill level 10 in Axes
  4319 | D:6      | Reached skill level 5 in Fighting
  4324 | D:6      | Killed a cyclops
  4325 | D:6      | Reached skill level 11 in Axes
  4477 | D:6      | Reached XP level 9. HP: 55/74 MP: 5/9
  4685 | D:6      | Reached skill level 12 in Axes
  4809 | D:6      | Identified the +4 war axe of Hepliaklqana's Reproof
                  | {freeze, rPois rN+}
  4851 | D:6      | Reached skill level 5 in Shields
  5174 | D:7      | Noticed Maggie
  5177 | D:7      | Noticed Menkaure
  5227 | D:6      | Reached skill level 13 in Axes
  5493 | D:7      | Found a shimmering altar of Xom.
  5506 | D:7      | Killed Menkaure
  5637 | D:7      | Noticed Joseph
  5649 | D:7      | Killed Joseph
  5807 | D:7      | Killed Maggie
  5825 | D:7      | Found Yqemn's Magic Scroll Boutique.
  5832 | D:7      | Bought a scroll of enchant armour for 97 gold pieces
  5832 | D:7      | Bought a scroll of identify for 26 gold pieces
  5832 | D:7      | Bought a scroll of identify for 26 gold pieces
  5832 | D:7      | Bought a scroll of identify for 26 gold pieces
  5867 | D:7      | Found a transporter.
  5870 | D:7      | Found a white marble altar of Elyvilon.
  5870 | D:7      | Found a transporter.
  5941 | D:7      | Found a staircase to the Ecumenical Temple.
  6011 | D:7      | Found a glowing golden altar of the Shining One.
  6011 | D:7      | Noticed Pikel
  6026 | D:7      | Killed Pikel
  6027 | D:7      | Reached skill level 14 in Axes
  6027 | D:7      | Reached XP level 10. HP: 83/84 MP: 8/10
  6082 | Temple   | Entered the Ecumenical Temple
  6103 | Temple   | Became a worshipper of Warmaster Okawaru
  6244 | D:8      | Found a burning altar of Makhleb.
  6244 | D:8      | Found an ancient bone altar of Kikubaaqudgha.
  6244 | D:8      | Found a shadowy altar of Dithmenos.
  6311 | D:8      | Found Isidan's Neck Hole.
  6674 | D:8      | Noticed an arcanist
  6690 | D:8      | Reached * piety under Okawaru
  6702 | D:8      | Reached skill level 15 in Axes
  6798 | D:8      | Killed an arcanist
  7055 | D:9      | Reached ** piety under Okawaru
  7061 | D:9      | Reached skill level 16 in Axes
  7309 | D:9      | Found a transporter.
  7357 | D:9      | Reached XP level 11. HP: 87/92 MP: 9/11
  7459 | D:9      | Noticed Psyche
  7465 | D:9      | Killed Psyche
  7465 | D:9      | Reached *** piety under Okawaru
  7666 | D:9      | Found a transporter.
  7683 | D:9      | Noticed a two-headed ogre
  7691 | D:9      | Killed a two-headed ogre
  7716 | D:9      | Noticed a hell hog
  7720 | D:9      | Found a one-way gate to the infinite horrors of the Abyss.
  7720 | D:9      | Noticed Stellion's ghost (journeyman BaRe)
  7960 | D:10     | Entered Level 10 of the Dungeon
  7984 | D:10     | Reached skill level 17 in Axes
  7985 | D:10     | Reached **** piety under Okawaru
  8267 | D:10     | Identified the ring "Hauluitu" {rF++ Str+6}
  8321 | D:10     | Found a staircase to the Orcish Mines.
  8491 | D:10     | Identified the blade talisman of Parlour Games {Int+3}
  8540 | D:10     | Found Bono's Antique Weapon Emporium.
  8631 | D:10     | Found a basalt altar of Yredelemnul.
  8824 | D:11     | Noticed Erica
  8833 | D:11     | Killed Erica
  8834 | D:11     | Reached skill level 1 in Invocations
  9133 | D:11     | Identified the +7 war axe of Fehip {freeze, rF+ Str+3
                  | Int+8}
  9300 | D:11     | Found a staircase to the Lair.
  9313 | D:11     | Noticed a tengu warrior
  9314 | D:11     | Noticed a tengu warrior
  9314 | D:11     | Noticed a cyan ugly thing
  9325 | D:11     | Killed a tengu warrior
  9332 | D:11     | Killed a cyan ugly thing
  9332 | D:11     | Reached ***** piety under Okawaru
  9340 | D:11     | Killed a tengu warrior
  9647 | D:11     | Got the Opusculum on Shared Guile
  9648 | D:11     | Noticed a deep elf pyromancer
  9662 | D:11     | Killed a deep elf pyromancer
  9663 | D:11     | Reached XP level 12. HP: 104/104 MP: 14/14
  9672 | D:11     | Got the Meditations on Power
  9699 | D:11     | Got the Vademecum on Boreal Despicable Ceremonies
  9702 | D:11     | Got the Anthology of Magnum Transposition
  9733 | D:11     | Received a gift from Okawaru
  9857 | D:11     | Noticed Erolcha
  9872 | D:11     | Killed Erolcha
 10132 | Lair:1   | Entered Level 1 of the Lair of Beasts
 10285 | Lair:1   | Reached skill level 10 in Armour
 10985 | Lair:2   | Received a gift from Okawaru
 10986 | Lair:2   | Reached skill level 10 in Fighting
 10993 | Lair:2   | Reached skill level 5 in Invocations
 11198 | Lair:2   | Reached skill level 18 in Axes
 11257 | Lair:2   | Noticed a seven-headed hydra
 11263 | Lair:2   | Received a gift from Okawaru
 11271 | Lair:2   | Killed a 12-headed hydra
 11443 | Lair:2   | Reached XP level 13. HP: 114/114 MP: 17/17
 11485 | Lair:2   | Found a hole to the Spider Nest.
 11903 | Lair:3   | Found a staircase to the Shoals.
 11910 | Lair:3   | Reached ****** piety under Okawaru
 11911 | Lair:3   | Acquired the +7 broad axe "Vumal" {distort, Int+4 SInv}
 11911 | Lair:3   | Received a gift from Okawaru
 11913 | Lair:3   | Acquired the +4 plate armour "Dumu" {Fly rElec Str+4}
 11913 | Lair:3   | Received a gift from Okawaru
 12014 | Lair:3   | Received a gift from Okawaru
 12545 | Lair:4   | Reached skill level 1 in Evocations
 12894 | Lair:4   | Found a staircase to the Slime Pits.
 13368 | Lair:5   | Entered Level 5 of the Lair of Beasts
 13830 | Lair:5   | Received a gift from Okawaru
 13918 | Lair:5   | Got an earthy gem with 81 turns to spare
 14615 | Lair:5   | Received a gift from Okawaru
 14678 | Lair:5   | Reached XP level 14. HP: 126/126 MP: 20/20
 15021 | Orc:1    | Entered Level 1 of the Orcish Mines
 15122 | Orc:1    | Found a roughly hewn altar of Beogh.
 15336 | Orc:2    | Entered Level 2 of the Orcish Mines
 15358 | Orc:2    | Reached skill level 19 in Axes
 15454 | Orc:2    | Found a staircase to the Elven Halls.
 15535 | Orc:2    | Reached skill level 10 in Shields
 15538 | Orc:2    | Found Araiz's Assorted Antiques.
 15538 | Orc:2    | Found Tamin's Weapon Shoppe.
 15541 | Orc:2    | Found Ifyceax's Antique Armour Emporium.
 15541 | Orc:2    | Found Akhoily's General Store.
 15748 | Orc:2    | Paralysed by an orc sorcerer for 2 turns
 15965 | Orc:2    | Received a gift from Okawaru
 16094 | Orc:2    | Bought 2 silver javelins for 288 gold pieces
 16095 | Orc:2    | Bought a potion of mutation for 88 gold pieces
 16095 | Orc:2    | Bought a scroll of identify for 22 gold pieces
 16095 | Orc:2    | Bought a scroll of enchant armour for 82 gold pieces
 16097 | Orc:2    | Bought a scroll of enchant weapon for 255 gold pieces
 16097 | Orc:2    | Bought a scroll of blinking for 255 gold pieces
 16379 | Spider:1 | Entered Level 1 of the Spider Nest
 16386 | Spider:1 | Noticed a ghost moth
 16397 | Spider:1 | Killed a ghost moth
 16585 | Spider:1 | Noticed a broodmother
 16608 | Spider:1 | Killed a broodmother
 16622 | Spider:1 | Blown up by an orb spider

Illustrated notes

Levels and vault maps discovered:
D:1:      minmay_arrival_radiant_lines, layout_basic
D:2:      layout_basic, uniq_natasha
D:3:      layout_basic, minmay_misc_feat_tower, kennysheep_generic_room_9
D:4:      layout_loops_ring
D:5:      layout_cave_pods, serial_shops, shop
D:6:      cheibrodos_fzero, layout_gridville, grunt_ministairs_4
D:7:      layout_rooms, elyvilon_altar_4, mainiacjoe_overflow_big_doors,
          minmay_temple_entry_poolview, serial_shops,
          nicolae_shop_tiny_statue_garden, uniq_pikel, uniq_joseph, uniq_maggie,
          uniq_menkaure
D:8:      cheibrodos_wizards_tower, layout_basic,
          gammafunk_temple_overflow_claw, nicolae_shop_sticking_my_neck_out
D:9:      layout_irregular_city, gammafunk_ghost_abyssal_escape, uniq_psyche
D:10:     layout_loops_ring, nicolae_overflow_hidden_temple, david_orc_2,
          serial_shops, shop, serial_bayou_pond_c, minmay_misc_feat_chi,
          kennysheep_pointless_box
D:11:     layout_cave_pods, lair_entry_dummy, minmay_librarian, uniq_erica,
          uniq_erolcha
Temple:   regret_index_temple_waves
Lair:1:   layout_loops_ring, grunt_megastairs_4, lemuel_fruit_tree
Lair:2:   layout_gridlike, spider_nest_entry_a
Lair:3:   layout_regular_city, minmay_shoals_entry_lonely_mermaid,
          nicolae_lair_liquid_snakes
Lair:4:   layout_hall_layers, slime_entry_1, minmay_holes
Lair:5:   minmay_lair_end_enchanted_forest, layout_layer_cave,
          chequers_serial_rivers_micro_a, pdpol_lair_cavern_descent
Spider:1: layout_chambers
Orc:1:    layout_caves, basic_altar
Orc:2:    st_orc_mages, layout_diamond_mine

Skill      XL: |  1  2  3  4  5  6  7  8  9 10 11 12 13 14 |
---------------+-------------------------------------------+-----
Axes           | 3 4 5 6 7 9 11 14 16 17 18 19 | 19.3
Fighting       | 4 5 6 7 9 10 12 | 12.7
Armour         | 4 5 6 7 9 11 12 13 | 13.9
Shields        | 4 5 6 7 8 9 10 | 10.5
Invocations    | 3 6 8 9 |  9.5
Evocations     | 1 |  1.7
Unarmed Combat | |  0.7

Action                     |  1- 3 |  4- 6 |  7- 9 | 10-12 | 13-15 || total
---------------------------+-------+-------+-------+-------+-------++-------
  Melee: War axe           |    74 |   223 |   305 |   439 |   345 ||  1386
         Unarmed           |       |    13 |       |       |       ||    13
         Broad axe         |       |       |       |       |   172 ||   172
 Invoke: Heroism           |       |       |       |     3 |     3 ||     6
         Finesse           |       |       |       |       |     2 ||     2
         Receive Weapon    |       |       |       |       |     1 ||     1
         Receive Armour    |       |       |       |       |     1 ||     1
  Evoke: Wand              |       |       |       |       |    14 ||    14
    Use: Scroll            |       |    13 |     8 |     5 |    12 ||    38
         Potion            |       |       |     1 |     3 |     6 ||    10
 Armour: Scale mail        |    73 |   154 |    59 |       |       ||   286
         Skin              |       |     8 |       |    22 |    61 ||    91
         Plate armour      |       |       |   124 |   296 |   370 ||   790
  Dodge: Dodged            |    41 |   152 |   154 |   171 |   243 ||   761
  Block: Buckler           |    10 |    44 |    74 |    81 |   144 ||   353

Table legend: (Time is in decaauts)
 A = Elapsed time spent in this place.
 B = Non-inter-level travel time spent in this place.
 C = Inter-level travel time spent in this place.
 D = Time resting spent in this place.
 E = Time spent auto-exploring this place.
 F = Levels seen in this place.
 G = Mean time per level.
                   A        B        C        D        E       F      G
               +--------+--------+--------+--------+--------+-----+--------+
         Total |  16483 |  15645 |    838 |   2038 |  10294 |  20 |  824.2 |
       Dungeon |  10296 |   9759 |    537 |   1576 |   6116 |  11 |  936.0 |
        Temple |     42 |      2 |     40 |      0 |      0 |   1 |   42.0 |
          Lair |   4718 |   4515 |    203 |    171 |   3529 |   5 |  943.6 |
   Spider Nest |    230 |    230 |      0 |    105 |     51 |   1 |  230.0 |
  Orcish Mines |   1195 |   1138 |     57 |    186 |    598 |   2 |  597.5 |
               +--------+--------+--------+--------+--------+-----+--------+

Top non-repeatable levels by time:
  Lair:5: 1443 daAuts
    D:11: 1381 daAuts
     D:2: 1123 daAuts
     D:5: 1060 daAuts
     D:6: 1036 daAuts
    D:10: 931 daAuts
     D:9: 920 daAuts
  Lair:1: 862 daAuts
     D:8: 833 daAuts
  Lair:4: 816 daAuts
  Lair:2: 807 daAuts
     D:4: 806 daAuts
     D:3: 798 daAuts
  Lair:3: 788 daAuts
     D:7: 786 daAuts
